 Dungeon Crawl Stone Soup version 0.31-a0-654-gbe3e110b4e (webtiles) character file.

Game seed: 15287583323385846884

18 DrMo the Trooper (level 2, -1/26 HPs)
             Began as a Draconian Monk on Nov 9, 2022.
             Slain by a dart slug (3 damage)
             ... on level 2 of the Dungeon on Aug 29, 2023.
             The game lasted 00:01:49 (1058 turns).

DrMo the Trooper (Draconian Monk)                   Turns: 1058, Time: 00:01:50

Health: -1/26      AC:  5    Str: 13    XL:     2   Next: 48%
Magic:  2/2        EV: 12    Int: 10    God:
Gold:   53         SH:  0    Dex: 13    Spells: 1/1 levels left

rFire   . .          .
                       - Unarmed
rCold   . . .        (no shield)
rNeg    . . .        (body armour unavailable)
rPois   .            (helmet restricted)
rElec   .            (no cloak)
rCorr   .            (no gloves)
SInv    .            b - +0 pair of boots
Will    .....        (no amulet)
Stlth   ++           (no ring)
HPRegen 0.24/turn    (no ring)
MPRegen 0.08/turn

%: no passive effects
@: no status effects
A: AC +4, unfitting armour, cold-blooded
a: no special abilities


You were on level 2 of the Dungeon.
You visited 1 branch of the dungeon, and saw 2 of its levels.

You collected 53 gold pieces.

Inventory:

Armour
 b - a +0 pair of boots (worn)
Scrolls
 c - a scroll of vulnerability {unknown}
 d - a scroll of amnesia {unknown}
 e - a scroll of immolation {unknown}
Potions
 a - a potion of ambrosia
 f - a potion of heal wounds {unknown}


   Skills:
 + Level 3.5 Fighting
 + Level 2.9 Dodging
 + Level 2.1 Stealth
 + Level 3.2 Unarmed Combat


You had one spell level left.
You didn't know any spells.
Your spell library was empty.

Dungeon Overview and Level Annotations

Branches:
Dungeon (2/15)

Altars:


Innate Abilities, Weirdness & Mutations

Your plain brown scales are hard. (AC +4)
You cannot fit into any form of body armour.
You are cold-blooded and may be slowed by cold attacks.


Message History

The slug dart misses you. The dart slug bites you.
* * * LOW HITPOINT WARNING * * *
The dart slug misses you.
The dart slug bites you but does no damage.
The dart slug closely misses you.
The dart slug bites you but does no damage.
The dart slug bites you but does no damage.
The dart slug misses you. The dart slug launches a dart at you.
The slug dart misses you. The dart slug launches a dart at you.
The slug dart misses you. The dart slug launches a dart at you.
The slug dart hits you.
* * * LOW HITPOINT WARNING * * *
The dart slug barely misses you. The dart slug bites you.
* * * LOW HITPOINT WARNING * * *
The dart slug bites you but does no damage.
The dart slug launches a dart at you. The slug dart hits you.
* * * LOW HITPOINT WARNING * * *
The dart slug launches a dart at you. The slug dart misses you.
The dart slug bites you.
* * * LOW HITPOINT WARNING * * *
The dart slug misses you. The dart slug closely misses you.
The dart slug launches a dart at you.
The slug dart hits you but does no damage.
The dart slug bites you.
* * * LOW HITPOINT WARNING * * *
The dart slug launches a dart at you. The slug dart misses you.
The dart slug barely misses you. The dart slug launches a dart at you.
The slug dart misses you. The dart slug bites you.
You die...

### ..# #.#
####.#######
#..w@......#
#.##..#.##.#
#..# #...
##.#. .#.#
.. . ## ##


You could see a dart slug.

Vanquished Creatures
  3 bats (D:1)
  2 endoplasms (D:1)
  2 goblins (D:1)
  A hobgoblin (D:1)
  2 kobolds (D:1)
  4 ball pythons (D:1)
  A rat (D:1)
15 creatures vanquished.

Notes
Turn   | Place    | Note
-------+----------+-------------------------------------------
     0 | D:1      | DrMo the Draconian Monk began the quest for the Orb.
     0 | D:1      | Reached XP level 1. HP: 19/19 MP: 1/1
   215 | D:1      | Reached XP level 2. HP: 21/26 MP: 2/2
   878 | D:1      | Upgraded the game from 0.30-a0-358-g0d69a1922f to
                  | 0.31-a0-654-gbe3e110b4e
  1052 | D:2      | HP: 1/26 [dart slug (2)]
  1058 | D:2      | Slain by a dart slug

Illustrated notes

Levels and vault maps discovered:
D:1:      evilmike_arrival_hilbert_curve, layout_basic
D:2:      layout_loops_cross, minmay_misc_feat_chi

Skill      XL: |  1 |
---------------+----+-----
Stealth        | 2 |  2.1
Fighting       | |  3.5
Dodging        | |  2.9
Unarmed Combat | |  3.2

Action                     || total
---------------------------++-------
  Melee: Unarmed           ||    40
         Tailslap          ||     3
   Stab: Sleeping          ||     2
 Armour: Skin              ||    40
  Dodge: Dodged            ||   100

Table legend: (Time is in decaauts)
 A = Elapsed time spent in this place.
 B = Non-inter-level travel time spent in this place.
 C = Inter-level travel time spent in this place.
 D = Time resting spent in this place.
 E = Time spent auto-exploring this place.
 F = Levels seen in this place.
 G = Mean time per level.
                   A        B        C        D        E       F      G
               +--------+--------+--------+--------+--------+-----+--------+
         Total |   1058 |   1041 |     17 |      0 |    751 |   2 |  529.0 |
       Dungeon |   1058 |   1041 |     17 |      0 |    751 |   2 |  529.0 |
               +--------+--------+--------+--------+--------+-----+--------+

Top non-repeatable levels by time:
     D:1: 879 daAuts
     D:2: 178 daAuts
